cohdb
Replays
Latest Replays
All Replays
Popular Replays
Top Player Replays
Match Explorer
How It Works
Community
CoH3 Stats
Reddit
Sign in to upload your games and track your stats! →
Sign in with Steam
Match 43298581
Unlisted
Match 43298581
Overview
Messages
Build Orders
End
Construct Section Command Post
Selects Canadian Shock Battlegroup
Dingo Light Scout Car
Dingo Light Scout Car
Royal Engineer Section
Selects Attacking Spirit
Selects Canadian Shock Section
Canadian Shock Section
Construct Platoon Command Post
Selects Incendiary Munitions
Canadian Shock Section
CMP 15cwt Truck
Forward Retreat Point
Selects Pyrotechnics
Infantry Training
Vickers Machine Gun Team
Royal Engineer Section
Construct Company Command Post
6-pounder Anti-tank Gun Team
Otter
Pascha28
苏ꦿ一ꦿ涵ꦿ⚘
Меткић'94
bigcheese
Wayne_Wang
PotatoHead
MY BIG FAT ORK WEDDING
0
0
Comments
sign in to comment!
No comments posted yet!